 Dungeon Crawl Stone Soup version 0.26-a0-969-g2c58977ddd (webtiles) character file.

Game seed: 10322956929302658645

132 Jerej03 the Skirmisher (level 4, -2/37 HPs)
             Began as a Demonspawn Abyssal Knight on Dec 4, 2020.
             Was a Believer of Lugonu.
             Slain by a lemure (5 damage)
             ... led by Pikel
             ... on level 4 of the Dungeon.
             The game lasted 00:08:14 (3277 turns).

Jerej03 the Skirmisher (Demonspawn Abyssal Knight)  Turns: 3277, Time: 00:08:15

Health: -2/37      AC:  5    Str: 14    XL:     4   Next: 92%
Magic:  5/5        EV:  9    Int: 13    God:    Lugonu [**....]
Gold:   120        SH:  7    Dex: 12    Spells: 3/3 levels left

rFire    + . .     SeeInvis .   a - +1 spear
rCold    x . .     Faith    .   j - +0 kite shield
rNeg     . . .     Spirit   .   b - +0 leather armour
rPois    .         Reflect  .   (helmet restricted)
rElec    .         Harm     .   (no cloak)
rCorr    +         Rampage  .   (no gloves)
MR       .....                  (no boots)
Stlth    +.........             (no amulet)
HPRegen  0.12/turn              h - ring of resist corrosion
MPRegen  0.09/turn              m - ring of fire

@: no status effects
A: horns 1, molten scales 1, powered by death 1
a: Depart the Abyss, Bend Space, Renounce Religion


You were on level 4 of the Dungeon.
You worshipped Lugonu.
Lugonu was pleased with you.
You visited 1 branch of the dungeon, and saw 4 of its levels.
You visited the Abyss 1 time.

You collected 120 gold pieces.

Inventory:

Hand Weapons
 a - a +1 spear (weapon)
Missiles
 c - 15 bolts
 n - 6 poisoned darts (quivered)
Armour
 b - a +0 leather armour (worn)
 j - a +0 kite shield (worn)
Jewellery
 h - a ring of resist corrosion (left hand)
 l - an uncursed ring of ice
 m - a ring of fire (right hand)
Wands
 r - a wand of random effects (19)
 s - a wand of acid (10)
Scrolls
 d - 3 scrolls of fog {unknown}
 f - a scroll of amnesia {unknown}
 i - 2 scrolls of enchant armour {unknown}
 k - 3 scrolls of remove curse {unknown}
 p - 3 scrolls of identify {unknown}
Potions
 e - a potion of degeneration {unknown}
 g - a potion of mutation {unknown}
 o - a potion of berserk rage {unknown}
 q - a potion of heal wounds


   Skills:
 + Level 3.8 Fighting
 + Level 3.1 Polearms
 + Level 2.3 Armour
 + Level 1.7 Dodging
 + Level 0.7 Stealth
 + Level 0.3 Shields
 + Level 2.5 Invocations


You had 3 spell levels left.
You didn't know any spells.
Your spell library was empty.

Dungeon Overview and Level Annotations

Branches:
Dungeon (4/15)
 Temple: D:4-7

Altars:
Xom


Innate Abilities, Weirdness & Mutations

You have a pair of small horns on your head.
You are partially covered in molten scales. (AC +2)
You regenerate a little health from kills.


Message History

You hit the lemure.
You kill the lemure!
That felt strangely unrewarding.
You hit the lemure but do no damage. You headbutt the lemure.
The lemure is lightly wounded.
You hit the lemure.
The lemure is moderately wounded.
The lemure closely misses you.
You barely miss the lemure. Your headbutt misses the lemure.
The lemure is moderately wounded.
The lemure hits you!
* * * LOW HITPOINT WARNING * * *
You barely miss the lemure. You headbutt the lemure.
The lemure is heavily wounded.
The lemure hits you but does no damage. The lemure hits you!
* * * LOW HITPOINT WARNING * * *
You hit the lemure. You headbutt the lemure.
The lemure is severely wounded.
The lemure hits you.
You die...

.... ... ....... #..
...........( #..
..........# #.#####
.........# #.....#####
.......# #.........#####
......#
#.<..†........###....#
#..######.....@5....######
#...# ###..####.........
#...# ##....# ######....
#.#.####.....# .
###..##......#
#..#.......# ##.........#
#.........# #..........#


You could see a lemure.

Vanquished Creatures
  2 lemures (D:4)
  A worker ant (D:4)
  3 adders
  An ooze (D:2)
  2 worms
  3 dart slugs
  2 leopard geckos
  3 bats
  3 giant cockroaches
  4 goblins (D:1)
  6 hobgoblins
  12 jackals
  2 quokkas (D:2)
  5 frilled lizards
  9 kobolds
  5 rats
63 creatures vanquished.

Notes
Turn   | Place    | Note
-------+----------+-------------------------------------------
     0 | Abyss:1  | Jerej03 the Demonspawn Abyssal Knight began the quest for
                  | the Orb.
     0 | Abyss:1  | Reached XP level 1. HP: 18/18 MP: 2/2
    39 | Abyss:1  | Noticed a ynoxinul
    52 | D:1      | Escaped the Abyss
   203 | D:1      | Gained mutation: You have a pair of small horns on your
                  | head. [demonic ancestry]
   203 | D:1      | Reached XP level 2. HP: 18/24 MP: 3/3
   276 | D:1      | Reached * piety under Lugonu
   294 | D:1      | Reached skill level 1 in Dodging
   649 | D:1      | Gained mutation: You are partially covered in molten
                  | scales. (AC +2) [demonic ancestry]
   649 | D:1      | Reached XP level 3. HP: 27/29 MP: 4/4
  1737 | D:2      | Gained mutation: You regenerate a little health from kills.
                  | [demonic ancestry]
  1737 | D:2      | Reached XP level 4. HP: 36/37 MP: 5/5
  2194 | D:3      | Reached ** piety under Lugonu
  2719 | D:3      | Found a shimmering altar of Xom.
  3229 | D:4      | Noticed a lemure
  3231 | D:4      | Noticed a lemure
  3234 | D:4      | Noticed a lemure
  3253 | D:4      | Killed a lemure
  3272 | D:4      | Killed a lemure
  3277 | D:4      | Slain by a lemure

Illustrated notes

Levels and vault maps discovered:
D:1:      dpeg_arrival_court, layout_basic, serial_aquarium,
          aquarium_bridge_square [aquarium_subvault_bridge,
          aquarium_subvault_bridge, aquarium_subvault_wall,
          aquarium_subvault_bridge], aquarium_window_1, aquarium_window_2,
          aquarium_window_3, aquarium_window_1, aquarium_view_2e,
          aquarium_view_2f
D:2:      layout_loops_corners
D:3:      layout_loops_corners, xom_butterflies, minmay_misc_feat_encased
D:4:      layout_cave_pods, kennysheep_generic_room_3, uniq_duvessa, uniq_pikel

Skill      XL: |  1  2  3  4 |
---------------+-------------+-----
Polearms       | 2 3 |  3.1
Armour         | 2 |  2.3
Dodging        | 1 |  1.7
Fighting       | |  3.8
Stealth        | |  0.7
Shields        | |  0.3
Invocations    | |  2.5

Action                   |  1- 3 |  4- 6 || total
-------------------------+-------+-------++-------
Melee: Spear             |   143 |   126 ||   269
       Headbutt          |    20 |    30 ||    50
Invok: Depart the Abyss  |     1 |       ||     1
  Use: Potion            |       |     2 ||     2
 Stab: Sleeping          |       |     1 ||     1
Armor: Leather armour    |    42 |    36 ||    78
Dodge: Dodged            |    78 |    41 ||   119
Block: Kite shield       |     8 |    35 ||    43

Table legend: (Time is in decaauts)
 A = Elapsed time spent in this place.
 B = Non-inter-level travel time spent in this place.
 C = Inter-level travel time spent in this place.
 D = Time resting spent in this place.
 E = Time spent auto-exploring this place.
 F = Levels seen in this place.
 G = Mean time per level.
                   A        B        C        D        E       F      G
               +--------+--------+--------+--------+--------+-----+--------+
         Total |   3285 |   3167 |    118 |    100 |   2460 |   5 |  657.0 |
       Dungeon |   3233 |   3115 |    118 |    100 |   2421 |   4 |  808.2 |
         Abyss |     52 |     52 |      0 |      0 |     39 |   1 |   52.0 |
               +--------+--------+--------+--------+--------+-----+--------+

Top non-repeatable levels by time:
     D:2: 1115 daAuts
     D:3: 1027 daAuts
     D:1: 1006 daAuts
     D:4: 84 daAuts
 Abyss:1: 52 daAuts
